 Dungeon Crawl Stone Soup version 0.23.0 (webtiles) character file.

Game seed: 1928072705295996726

672276 TrashTierHero the Executioner (level 27, -18/224 HPs)
             Began as a Formicid Fighter on Feb 15, 2019.
             Was the Champion of Trog.
             Killed from afar by a Hell Sentinel (30 damage)
             ... with damnation
             ... on level 9 of a ziggurat on Feb 16, 2019.
             The game lasted 05:41:22 (71683 turns).

TrashTierHero the Executioner (Formicid Fighter)   Turns: 71683, Time: 05:41:23

Health: -18/224    AC: 52    Str: 36    XL:     27
Magic:  26/26      EV: 32    Int: 11    God:    Trog [******]
Gold:   6022       SH: 31    Dex: 24    Spells: 26/26 levels left

rFire    + . .     SeeInvis +   a - +6 battleaxe (vamp)
rCold    . . .     Gourm    +   v - +5 large shield
rNeg     + + .     Faith    .   l - +10 crystal plate armour "Erahafit" {Str+3}
rPois    +         Spirit   .   (helmet unavailable)
rElec    +         Reflect  .   d - +5 cloak "Qiqagh" {rN++ Str+4 Slay+2}
rCorr    +         Harm     .   o - +2 pair of gloves {Dex+3}
MR       ++++.                  r - +1 pair of boots "Porch" {rElec Str+3 Dex+2}
Stlth    ..........             u - amulet of the gourmand
HPRegen  1.47/turn              B - ring "Debaem" {rCorr rPois rF+ Int+3}
MPRegen  0.20/turn              e - ring of Phasing {EV+8}

@: mighty, silence, regenerating
A: permanent stasis, dig shafts and tunnels, four strong arms, antennae 3,
yellow scales 1, sense surroundings 1, weak 2
}: 4/15 runes: serpentine, barnacled, silver, abyssal
a: Dig, Shaft Self, Renounce Religion


You were on level 9 of a ziggurat.
You worshipped Trog.
Trog was exalted by your worship.
You were very full.

You visited 10 branches of the dungeon, and saw 48 of its levels.
You visited the Abyss 4 times.
You visited 1 bazaar.
You visited 1 ziggurat, and saw 9 of its levels.
You also visited: Sewer, Gauntlet and Wizlab.

You collected 9517 gold pieces.
You spent 3495 gold pieces at shops.

Inventory:

Hand Weapons
 a - a +6 vampiric battleaxe (weapon)
 b - a +4 triple crossbow of freezing
 c - the +5 war axe of Woybufim {holy, Str+4 Stlth+}
   (You bought it in a shop on level 2 of the Orcish Mines)

   It has been blessed by the Shining One to cause great damage to the undead
   and demons.
   It affects your strength (+4).
   It makes you more stealthy.
 J - a +2 executioner's axe of draining
 K - the +12 broad axe of Sudden Death {drain, +Fly Str+2}
   (Trog gifted it to you on level 3 of the Elven Halls)

   A truly terrible weapon, it drains the life of those it strikes.
   It affects your strength (+2).
   It lets you fly.
Missiles
 O - 1979 bolts
Armour
 d - the +5 cloak "Qiqagh" (worn) {rN++ Str+4 Slay+2}
   (You found it on level 2 of the Depths)

   It affects your strength (+4).
   It affects your accuracy and damage with ranged weapons and melee attacks
   (+2).
   It greatly protects you from negative energy.
 k - a +5 plate armour of magic resistance
 l - the +10 crystal plate armour "Erahafit" (worn) {Str+3}
   (You bought it in a shop on level 2 of the Orcish Mines)

   It affects your strength (+3).
 o - a +2 pair of gloves of dexterity (worn)
 r - the +1 pair of boots "Porch" (worn) {rElec Str+3 Dex+2}
   (You found it on level 6 of the Lair of Beasts)

   It affects your strength (+3).
   It affects your dexterity (+2).
   It insulates you from electricity.
 v - a +5 large shield (worn)
 w - a scarf of cloud immunity
 D - a +2 pair of boots of running
Jewellery
 e - the ring of Phasing (right hand) {EV+8}
   (You found it on level 12 of the Dungeon)

   [ring of evasion]

   It affects your evasion (+8).
 t - the ring "Xuiqiy" {+Fly rElec rF+ rC+}
   (You found it on level 3 of the Elven Halls)

   [ring of flight]

   It protects you from fire.
   It protects you from cold.
   It insulates you from electricity.
   It lets you fly.
 u - an amulet of the gourmand (around neck)
 B - the ring "Debaem" (left hand) {rCorr rPois rF+ Int+3}
   (You took it off an orc sorcerer on level 3 of the Elven Halls)

   [ring of resist corrosion]

   It affects your intelligence (+3).
   It protects you from fire.
   It protects you from poison.
 M - the ring "Godaha" {rF+ rN+}
   (You found it on level 3 of the Crypt)

   [ring of positive energy]

   It protects you from fire.
   It protects you from negative energy.
 P - the amulet "Tiarau" {Acrobat Int+4}
   (You found it on level 3 of the Lair of Beasts)

   [amulet of the acrobat]

   It helps you evade while moving and waiting.
   It affects your intelligence (+4).
 U - a +3 amulet of reflection
 X - the ring "Kaeghaf" {rF+ Int+7 Dex+4}
   (You found it on level 7 of a ziggurat)

   [ring of protection from fire]

   It affects your intelligence (+7).
   It affects your dexterity (+4).
   It protects you from fire.
Wands
 m - a wand of clouds (6)
 q - a wand of iceblast (30)
 z - a wand of random effects (90)
 E - a wand of digging (10)
 N - a wand of scattershot (3)
Scrolls
 g - 28 scrolls of remove curse
 j - a scroll of holy word
 s - 2 scrolls of fog
 H - 3 scrolls of torment
 L - 7 scrolls of magic mapping
 Q - a scroll of summoning
 R - 2 scrolls of fear
Potions
 h - 5 potions of agility
 i - a potion of might
 n - 5 potions of magic
 p - 2 potions of resistance
 A - 8 potions of curing
 C - a potion of mutation
 F - 5 potions of brilliance
 G - a potion of heal wounds
 I - 9 potions of flight
Comestibles
 f - 59 rations
 W - 2 chunks of flesh


   Skills:
 - Level 20.0 Fighting
 + Level 25.0 Axes
 - Level 20.0 Crossbows
 - Level 20.0 Armour
 - Level 20.0 Dodging
 - Level 20.0 Shields
   Level 4.0 Invocations
 - Level 3.6 Evocations


You had 26 spell levels left.
You didn't know any spells.
Your spell library was empty.

Dungeon Overview and Level Annotations

Branches:
Dungeon (15/15)            Temple (0/1) D:4            Lair (6/6) D:11
 Shoals (4/4) Lair:4        Snake (4/4) Lair:2        Slime (0/5) Lair:6
    Orc (2/2) D:9             Elf (3/3) Orc:2        Vaults (5/5) D:14
  Crypt (3/3) Vaults:2       Tomb (1/3) Crypt:3      Depths (5/5) D:15
    Zot (0/5) Depths:5

Altars:
Ashenzari
Cheibriados
Dithmenos
Elyvilon
Fedhas
Gozag
Hepliaklqana
Kikubaaqudgha
Makhleb
Sif Muna
Trog
Vehumet
Xom
Yredelemnul
The Shining One
Beogh

Shops:
D:7 ?   D:13 %%   D:15 *[*[   Orc:2 (([   Snake:3 (   Snake:4 }   Vaults:1 }
Depths:1 *

Portals:
Hell: Depths:1 Depths:2 Depths:3 Depths:4 Depths:5
Abyss: Depths:3 Depths:4
Pandemonium: Depths:2 Depths:3 Depths:5


Innate Abilities, Weirdness & Mutations

You cannot be hasted, slowed, berserked, paralysed or teleported.
You can dig through walls and to a lower floor.
Your four strong arms can wield two-handed weapons with a shield.
You have a pair of large antennae on your head. (SInv)
You are partially covered in yellow scales. (AC +2)
You passively map a small area around you.
You are very weak. (Str -4)


Message History

Items here: ( )) [ † a +1 great sword; a +1 longbow of flaming; 24 arrows; a +0 plate armour a torturous demonspawn corpse You slash the Hell Sentinel!
The Hell Sentinel is severely wounded.
You hit the Hell Sentinel.
You slice the Hell Sentinel like a ripe choko!!!
The Hell Sentinel is no longer dazed.
You block the Hell Sentinel's attack. x2
The Hell Sentinel is lost in a daze.
You block the Hell Sentinel's attack. x2
You hit the Hell Sentinel.
The Hell Sentinel is severely wounded.
You chop the Hell Sentinel into pieces!!!
You kill the Hell Sentinel!
Trog accepts your kill.
You slice the Hell Sentinel!! You slash the smoke demon!
You kill the smoke demon!
Trog accepts your kill. The Hell Sentinel gestures at you.
The sphere of damnation explodes!
The damnation engulfs you!!
You die...

▓▓▓▓▓▓▓▓▓▓▓
▓▓.........▓▓
▓▓...........▓
▓▓...##..1##.. **
▓▓....#...@.#
▓▓........)1.&..|/∩
▓.∩.............)!>
▓▓..............=!∩
▓▓....#.....#..?(▓
▓▓...##...##...▓▓
▓▓........ .▓▓
▓▓....... ▓▓ ▓▓▓▓ *


You could see Miawkyr (dazed) and 2 Hell Sentinels.

Vanquished Creatures
  A juggernaut (Depths:3)
  Xtahua (Vaults:4)
  Frederick (Vaults:3)
  Saint Roka (Depths:2)
  A caustic shrike (Zig:7)
  Nikola (Elf:2)
  A golden dragon (Depths:2)
  The ghost of Zoalos the Devastator, a veteran GrEE of Lugonu (Crypt:1)
  5 bone dragons
  6 liches
  A hellephant (Abyss:3)
  A Hell Sentinel (Zig:9)
  5 tentacled monstrosities
  A deep elf master archer (Elf:3)
  2 quicksilver dragons (Vaults:5)
  An Ice Fiend (Zig:5)
  7 titans
  2 deep elf blademasters
  11 sphinxes
  An acid blob (Zig:2)
  3 ancient champions
  2 storm dragons
  4 Executioners
  6 shadow dragons
  Kirke (Lair:6)
  Roxanne (Snake:2)
  13 tentacled starspawn
  Agnes (Snake:1)
  16 nagarajas
  7 revenants
  11 tengu reavers
  4 deep elf sorcerers
  Ilsuiw (Shoals:3)
  10 frost giants
  A draconian knight (Depths:5)
  18 fire giants
  A balrug (Depths:2)
  3 iron dragons
  9 vault wardens
  3 ghost moths
  Louise (Elf:1)
  A warmonger (Zig:9)
  13 ghouls
  11 ironheart preservers
  15 very ugly things
  6 deep elf elementalists (Elf:3)
  A draconian stormcaller (Depths:5)
  2 curse skulls
  A draconian shifter (Abyss:3)
  5 war gargoyles
  22 stone giants
  A blood saint (Zig:9)
  12 vampire knights
  3 lorocyprocas
  The ghost of Vufrucs the Grappler, a journeyman DrTm of Wu Jian (Lair:4)
  An entropy weaver (shapeshifter) (Depths:2)
  2 entropy weavers
  2 red draconians
  Nessos (D:15)
  4 deep elf demonologists
  A black draconian (Zig:3)
  8 dire elephants
  A spectral titan (Crypt:3)
  A purple draconian (Depths:5)
  An orange crystal statue (WizLab)
  2 yellow draconians (Depths:5)
  7 deep elf annihilators
  12 spark wasps
  The ghost of Cooqonn the Thaumaturge, a journeyman DsVM of Kikubaaqudgha (D:12)
  10 eidola
  3 white draconians
  An ettin (shapeshifter) (Depths:2)
  9 merfolk impalers
  11 merfolk javelineers
  16 mummy priests (Tomb:1)
  12 ettins
  10 jiangshi
  3 spectral quicksilver dragons (Crypt:3)
  8 deep elf death magi
  A blizzard demon (Abyss:3)
  10 yaktaur captains
  20 ogre magi
  A quicksilver dragon zombie (Tomb:1)
  4 deep elf high priests
  16 great orbs of eyes
  16 fire dragons
  11 ice dragons
  A hell beast (Depths:4)
  23 vault guards
  19 naga warriors
  4 hydras
  A hydra (shapeshifter) (Vaults:5)
  10 rakshasas
  A quicksilver dragon skeleton (Crypt:1)
  7 spriggan air magi
  5 merfolk avatars
  An alligator snapping turtle (Shoals:4)
  7 centaur warriors
  9 anacondas
  4 merfolk aquamancers
  68 two-headed ogres
  3 death knights
  30 dancing weapons
  3 spectral fire giants (Crypt:3)
  2 catoblepae
  2 satyrs (Shoals:4)
  8 deep troll shamans
  6 death scarabs (Tomb:1)
  An orc high priest (Zig:8)
  5 deep troll earth magi
  4 spriggan berserkers
  4 tengu warriors
  23 thrashing horrors
  A spectral dire elephant (Crypt:3)
  2 titan zombies (Crypt:1)
  13 vampire magi
  6 shock serpents
  6 spectral storm dragons (Crypt:3)
  13 naga sharpshooters
  6 sun demons
  2 fire crabs (shapeshifter) (Depths:3)
  7 hell knights (Depths:4)
  17 wretched stars
  3 soul eaters
  2 storm dragon zombies
  20 deep elf knights
  15 shadow wraiths
  10 spatial maelstroms
  A salamander mystic (Snake:3)
  2 iron trolls
  20 deep trolls
  7 unseen horrors
  6 sixfirhies
  A fire crab (Lair:6)
  12 sea snakes
  3 naga ritualists
  3 shadow demons
  A deep troll (shapeshifter) (Abyss:3)
  16 skeletal warriors
  4 glowing orange brains
  2 spectral anacondas (Crypt:3)
  61 deep elf magi
  An infernal demonspawn (Depths:5)
  12 flayed ghosts
  A lindwurm (D:14)
  11 phantasmal warriors
  4 wizards
  11 ironbrand convokers
  2 iron dragon zombies
  2 golden dragon skeletons (Crypt:1)
  16 deep elf archers
  16 orc knights
  17 harpies
  2 frost giant zombies
  33 ugly things
  6 wolf spiders
  9 necromancers
  7 cyclopes
  An oklob plant (D:11)
  21 manticores
  An orb spider (Zig:6)
  7 mana vipers
  5 orc sorcerers
  A shadow dragon skeleton (Crypt:1)
  A salamander (shapeshifter) (Vaults:1)
  66 large abominations
  2 spectral ettins (Crypt:3)
  7 worldbinders
  9 fauns
  11 vault sentinels
  2 stone giant skeletons
  4 salamanders
  A shining eye (Zig:2)
  12 elephants
  2 centaur zombies
  6 apocalypse crabs
  8 merfolk sirens
  2 rust devils
  2 iron dragon skeletons
  38 black mambas
  A fire giant skeleton (Crypt:1)
  3 frost giant skeletons
  8 water nymphs
  A guardian serpent (shapeshifter) (Vaults:4)
  15 guardian serpents
  11 naga magi
  A dire elephant skeleton (Abyss:1)
  2 torpor snails
  4 orange demons
  12 smoke demons
  A black mamba (shapeshifter) (Vaults:4)
  A red draconian zombie (Crypt:3)
  10 spiny frogs
  A death yak zombie (Crypt:3)
  2 hellions
  A kobold demonologist (D:11)
  A spiny frog (shapeshifter) (Depths:3)
  4 efreet
  5 rime drakes
  21 freezing wraiths
  5 tengu conjurers
  2 ice devils
  5 komodo dragons
  2 demonic crawlers
  2 spriggan skeletons
  36 yaktaurs
  5 guardian mummies (Tomb:1)
  44 small abominations
  6 hellwings
  4 tormentors (Zig:9)
  3 anaconda simulacra (Crypt:3)
  A red devil (Depths:4)
  A pale draconian skeleton (Crypt:1)
  A death yak skeleton (Crypt:3)
  A spectral harpy (Crypt:3)
  18 ancient zymes
  2 meliai (D:15)
  33 merfolk
  A yellow draconian skeleton (Crypt:1)
  2 jumping spiders (shapeshifter)
  12 trolls
  A queen bee (D:15)
  A polar bear (shapeshifter) (Depths:3)
  A hornet (shapeshifter) (Abyss:3)
  An alligator zombie (Crypt:1)
  2 bog bodies
  A polar bear (Lair:2)
  27 raiju
  6 hornets
  26 slime creatures
  14 snapping turtles
  6 dream sheep
  5 wind drakes
  A frost giant simulacrum (Crypt:2)
  A fire giant simulacrum (Vaults:4)
  20 hippogriffs
  A stone giant simulacrum (Vaults:3)
  An ettin zombie (Crypt:2)
  An ice dragon zombie (Depths:1)
  A guardian serpent skeleton (Crypt:3)
  A redback (shapeshifter) (Depths:3)
  4 air elementals
  2 fire dragon skeletons
  Sigmund (D:2)
  An ice dragon skeleton (Crypt:1)
  2 shadows
  16 flying skulls
  A vampire (D:15)
  12 ynoxinuls
  37 starcursed masses
  19 wyverns
  3 redbacks
  12 water elementals
  A tarantella (shapeshifter) (D:14)
  37 yaks
  5 hogs
  14 wraiths
  3 yaks (shapeshifter)
  3 fire bats
  A human (D:10)
  6 ushabtiu (Tomb:1)
  6 fire elementals
  A hog (shapeshifter) (Vaults:4)
  5 basilisks
  A basilisk (shapeshifter) (Vaults:1)
  4 hungry ghosts
  4 vampire mosquitoes (D:14)
  15 chaos spawn
  15 neqoxecs
  2 catoblepas simulacra
  2 golden eyes (Abyss:2)
  A steam dragon (D:11)
  A torturous demonspawn zombie (Crypt:1)
  17 spatial vortices
  A gelid demonspawn zombie (Crypt:3)
  37 nagas
  An insubstantial wisp (Abyss:3)
  A harpy simulacrum (Crypt:3)
  13 wargs
  An elf skeleton (Zig:5)
  An acid dragon (Vaults:1)
  2 human zombies (Vaults:4)
  28 water moccasins
  A soldier ant (D:13)
  A spectral snapping turtle (Crypt:3)
  A floating eye (shapeshifter) (Elf:2)
  A deep troll skeleton (Crypt:3)
  8 porcupines
  A hell hound (Abyss:3)
  A spiny frog skeleton (Tomb:1)
  2 eyes of draining
  Purgy (Sewer)
  An ettin simulacrum (Vaults:4)
  48 orc warriors
  2 sky beasts
  A black bear (Lair:3)
  An eye of draining (shapeshifter) (Vaults:1)
  A fire dragon simulacrum (Crypt:1)
  5 necrophages
  7 phantoms
  A black bear (shapeshifter) (Vaults:4)
  7 ice beasts
  A snapping turtle zombie (Crypt:1)
  8 boggarts
  2 alligator simulacra
  25 centaurs
  62 ogres
  2 snapping turtle skeletons
  25 wolves
  10 crocodiles
  An octopode zombie (Crypt:2)
  2 big kobolds
  4 earth elementals
  A spectral human (Crypt:3)
  12 bullfrogs
  A glowing shapeshifter simulacrum (Depths:4)
  A gnoll sergeant (Orc:2)
  2 wyvern skeletons
  6 scorpions
  18 killer bees
  A manticore simulacrum (Crypt:2)
  A water moccasin skeleton (D:6)
  17 wights
  A swamp dragon simulacrum (Crypt:1)
  7 electric eels
  A howler monkey (D:9)
  A howler monkey (shapeshifter) (Depths:3)
  6 crimson imps
  6 lava snakes (Snake:2)
  3 bullfrog zombies
  7 iron imps
  7 jellies
  12 quasits
  20 orc priests
  2 hounds
  5 centaur skeletons
  Crazy Yiuf (D:7)
  A demonspawn skeleton (Crypt:2)
  4 iguanas
  Terence (D:3)
  12 human skeletons (Vaults:4)
  17 orc wizards
  4 worker ants
  A killer bee zombie (D:8)
  A big kobold zombie (Crypt:1)
  A sky beast zombie (Crypt:3)
  A dwarf zombie (Crypt:2)
  An ogre zombie (Crypt:2)
  A hound zombie (D:6)
  11 mummies
  2 worker ant zombies
  3 gnolls (Orc:2)
  A steam dragon skeleton (Crypt:1)
  9 adders
  A steam dragon zombie (Crypt:3)
  6 shadow imps
  7 white imps
  7 ufetubi
  4 oozes
  An adder zombie (D:9)
  A halfling zombie (Crypt:2)
  An adder skeleton (D:4)
  A barachi zombie (Crypt:3)
  2 dart slugs
  5 leopard geckos
  97 orcs
  3 ball pythons
  13 bats
  7 giant cockroaches
  4 goblins
  5 hobgoblins
  13 jackals
  7 quokkas
  A ball python skeleton (D:4)
  5 frilled lizards
  A frilled lizard skeleton (Crypt:2)
  A giant cockroach zombie (Crypt:2)
  A hobgoblin zombie (Crypt:1)
  A jackal zombie (Crypt:1)
  18 kobolds
  A leopard gecko zombie (D:5)
  An orc zombie (Crypt:1)
  3 quokka skeletons
  6 rats
  A spectral orc (D:4)
  2 crawling corpses (Elf:3)
  A fire vortex (Depths:1)
  A fungus (Lair:3)
  14 plants
  22 starspawn tentacles
2795 creatures vanquished.

Vanquished Creatures (collateral kills)
  A deep elf demonologist (Elf:1)
  An ogre mage (D:15)
  A hydra (Lair:3)
  5 vault guards (Vaults:5)
  3 two-headed ogres (D:15)
  A deep troll (Vaults:5)
  A wolf spider zombie (D:15)
  An ugly thing (D:11)
  3 elephants (Lair:5)
  A meliai (D:15)
  2 hippogriffs
  4 yaks (Lair:3)
  4 hogs (Lair:6)
  A porcupine (Lair:3)
  A big kobold (D:11)
  A bullfrog (Lair:3)
  7 killer bees (D:15)
  An orc (Vaults:5)
39 creatures vanquished.

Vanquished Creatures (others)
  A deep elf blademaster (Elf:3)
  A fire giant (Vaults:5)
  3 deep elf annihilators (Elf:3)
  A deep elf high priest (Elf:3)
  A tengu warrior (D:13)
  A deep elf knight (Elf:3)
  2 wretched stars
  A deep elf mage (Elf:1)
  4 guardian serpents (Snake:4)
  A spriggan (shapeshifter) (Vaults:5)
  2 small abominations
  A golden eye (Shoals:4)
  A naga (Snake:3)
  A sky beast (D:13)
  A boggart (Depths:2)
  2 centaurs
  An orc priest (D:12)
  An orc (D:5)
  8 fungi (Lair:6)
  3 lurking horrors
  13 plants
  19 starspawn tentacles
69 creatures vanquished.

Grand Total: 2903 creatures vanquished

Notes
Turn   | Place    | Note
-------+----------+-------------------------------------------
     0 | D:1      | TrashTierHero the Formicid Fighter began the quest for the
                  | Orb.
     0 | D:1      | Reached XP level 1. HP: 18/18 MP: 1/1
    63 | D:1      | Reached XP level 2. HP: 19/24 MP: 2/2
   257 | D:1      | Reached skill level 3 in Axes
   524 | D:1      | Reached XP level 3. HP: 29/29 MP: 3/3
  1194 | D:2      | Noticed Sigmund
  1218 | D:2      | Killed Sigmund
  1218 | D:2      | Reached skill level 5 in Axes
  1218 | D:2      | Reached XP level 4. HP: 16/35 MP: 4/4
  1218 | D:2      | Reached XP level 5. HP: 19/41 MP: 5/5
  1305 | D:2      | Reached XP level 6. HP: 35/47 MP: 6/6
  1470 | D:2      | Reached skill level 6 in Axes
  1984 | D:3      | Noticed Terence
  1995 | D:3      | Killed Terence
  2075 | D:3      | Found a faded altar of an unknown god.
  2079 | D:3      | Noticed an ogre
  2090 | D:3      | Killed an ogre
  2156 | D:3      | Became a worshipper of Trog the Wrathful
  2156 | D:3      | Reached * piety under Trog
  2257 | D:3      | Reached XP level 7. HP: 49/52 MP: 7/7
  2583 | D:3      | Reached skill level 7 in Axes
  2969 | D:4      | Found a basalt altar of Yredelemnul.
  2992 | D:4      | Found a glowing drain.
  3063 | Sewer    | Entered a sewer
  3116 | Sewer    | Noticed Purgy
  3135 | Sewer    | Killed Purgy
  3135 | Sewer    | Reached ** piety under Trog
  3497 | D:4      | Reached skill level 8 in Axes
  3550 | D:4      | Found a glowing golden altar of the Shining One.
  3568 | D:4      | Found a staircase to the Ecumenical Temple.
  3655 | D:4      | Found a shadowy altar of Dithmenos.
  3961 | D:5      | Entered Level 5 of the Dungeon
  3980 | D:5      | Reached XP level 8. HP: 19/60 MP: 8/8
  4273 | D:5      | Reached skill level 5 in Shields
  4340 | D:5      | Gained mutation: You are robust. (+10% HP) [potion of
                  | mutation]
  4340 | D:5      | Gained mutation: Your mind is acute. (Int +2) [potion of
                  | mutation]
  4368 | D:5      | Found a snail-covered altar of Cheibriados.
  4373 | D:5      | Reached skill level 5 in Fighting
  4480 | D:5      | Found a radiant altar of Vehumet.
  4559 | D:5      | You fall through a shaft for 3 floors!
  4594 | D:8      | Found a shimmering altar of Xom.
  4810 | D:8      | Reached XP level 9. HP: 72/78 MP: 9/9
  4825 | D:8      | Reached *** piety under Trog
  4941 | D:8      | Found a bloodstained altar of Trog.
  5618 | D:7      | Found a burning altar of Makhleb.
  5620 | D:7      | Found an ancient bone altar of Kikubaaqudgha.
  5916 | D:7      | Found a runed translucent door.
  5917 | D:7      | Noticed Crazy Yiuf
  6023 | D:7      | Found Mumekhotz's Magic Scroll Shop.
  6077 | D:7      | Reached XP level 10. HP: 47/90 MP: 10/10
  6364 | D:7      | Killed Crazy Yiuf
  6494 | D:6      | Reached skill level 5 in Armour
  7287 | D:5      | Found an opulent altar of Gozag.
  7492 | D:9      | Reached skill level 10 in Fighting
  7512 | D:9      | Reached **** piety under Trog
  8081 | D:9      | Found a staircase to the Orcish Mines.
  8464 | D:10     | Entered Level 10 of the Dungeon
  8651 | D:10     | Noticed a two-headed ogre
  8673 | D:10     | Killed a two-headed ogre
  8673 | D:10     | Reached skill level 9 in Axes
  8673 | D:10     | Reached XP level 11. HP: 48/99 MP: 11/11
  9741 | D:10     | Reached skill level 10 in Axes
 10022 | D:11     | Reached skill level 10 in Armour
 10044 | D:11     | Found a gate leading to a gauntlet.
 10052 | D:11     | Reached ***** piety under Trog
 10059 | Gauntlet | Entered a Gauntlet
 10059 | Gauntlet | Found a transporter.
 10059 | Gauntlet | Found a transporter.
 10059 | Gauntlet | Found a transporter.
 10059 | Gauntlet | Noticed a tengu warrior
 10073 | Gauntlet | Found a transporter.
 10075 | Gauntlet | Found a transporter.
 10083 | Gauntlet | Found a transporter.
 10086 | Gauntlet | Found a transporter.
 10088 | Gauntlet | Noticed a death scarab
 10089 | Gauntlet | Noticed a death scarab
 10091 | Gauntlet | Noticed a spectral death yak
 10094 | Gauntlet | Found a transporter.
 10109 | Gauntlet | Noticed a spectral death yak
 10113 | Gauntlet | Found a transporter.
 10113 | Gauntlet | Noticed a necromancer
 10114 | Gauntlet | Noticed a death yak
 10115 | Gauntlet | Noticed a death yak
 10115 | Gauntlet | Noticed a death yak
 10130 | Gauntlet | Found a transporter.
 10145 | Gauntlet | Found a transporter.
 10147 | Gauntlet | Noticed a queen ant
 10189 | Gauntlet | Found a transporter.
 10470 | D:11     | Found a staircase to the Lair.
 10470 | D:11     | Noticed an oklob plant
 10491 | D:11     | Noticed a brown ugly thing
 10510 | D:11     | Killed a brown ugly thing
 10545 | D:11     | Identified a +2 pair of boots of running (You found it on
                  | level 11 of the Dungeon)
 10597 | D:11     | Reached skill level 11 in Axes
 10797 | D:11     | Reached skill level 1 in Dodging
 10953 | D:11     | Found a hazy altar of Hepliaklqana.
 10965 | D:11     | Reached skill level 1 in Crossbows
 11308 | D:11     | Killed an oklob plant
 11586 | Lair:1   | Entered Level 1 of the Lair of Beasts
 11597 | Lair:1   | Reached XP level 12. HP: 104/106 MP: 12/12
 12186 | Lair:1   | Reached skill level 5 in Dodging
 12471 | Lair:2   | Found a staircase to the Snake Pit.
 13238 | Lair:3   | Got a shimmering rapier
 13239 | Lair:3   | Identified the +0 rapier "TrashTierHero's Doom" {venom,
                  | Int+6} (You found it on level 3 of the Lair of Beasts)
 13497 | Lair:3   | Noticed a four-headed hydra
 13518 | Lair:3   | Received a gift from Trog
 13523 | Lair:3   | Killed a seven-headed hydra
 13539 | Lair:3   | Got a bound steel amulet
 13540 | Lair:3   | Identified the amulet "Tiarau" {Acrobat Int+4} (You found
                  | it on level 3 of the Lair of Beasts)
 13629 | Lair:3   | Reached skill level 12 in Axes
 13747 | Lair:3   | Reached skill level 5 in Crossbows
 13851 | Lair:3   | Reached XP level 13. HP: 96/113 MP: 13/13
 14048 | Lair:3   | Got a spiked chain mail
 14059 | Lair:3   | Identified the cursed +1 chain mail of Devotion {MR+} (You
                  | found it on level 3 of the Lair of Beasts)
 14911 | Lair:4   | Found a runed translucent door.
 14912 | Lair:4   | Noticed Vufrucs's ghost (journeyman DrTm)
 14912 | Lair:4   | Noticed an anaconda
 14929 | Lair:4   | Killed an anaconda
 14950 | Lair:4   | Killed Vufrucs's ghost
 14950 | Lair:4   | Received a gift from Trog
 15406 | Lair:4   | Found a staircase to the Shoals.
 15723 | Lair:5   | Got a shimmering scale mail
 15724 | Lair:5   | Identified the +1 scale mail of Zyru {Dex+3} (You found it
                  | on level 5 of the Lair of Beasts)
 16824 | Lair:5   | Received a gift from Trog
 17034 | Lair:6   | Entered Level 6 of the Lair of Beasts
 17037 | Lair:6   | Found a staircase to the Slime Pits.
 17325 | Lair:6   | Reached skill level 13 in Axes
 17325 | Lair:6   | Reached XP level 14. HP: 107/121 MP: 14/14
 17426 | Lair:6   | Received a gift from Trog
 17490 | Lair:6   | Noticed Kirke
 17505 | Lair:6   | Reached skill level 10 in Dodging
 17544 | Lair:6   | Killed Kirke
 18369 | Lair:6   | Received a gift from Trog
 18822 | Lair:6   | Noticed a dire elephant
 18832 | Lair:6   | Killed a dire elephant
 18944 | Lair:6   | Noticed a dire elephant
 18944 | Lair:6   | Noticed a dire elephant
 18972 | Lair:6   | Killed a dire elephant
 18996 | Lair:6   | Killed a dire elephant
 19308 | Lair:6   | Got a pair of scorched boots
 19319 | Lair:6   | Identified the +1 pair of boots "Porch" {rElec Str+3 Dex+2}
                  | (You found it on level 6 of the Lair of Beasts)
 19679 | Lair:6   | Noticed a dire elephant
 19693 | Lair:6   | Killed a dire elephant
 19713 | Lair:6   | Noticed a dire elephant
 19734 | Lair:6   | Killed a dire elephant
 19734 | Lair:6   | Reached skill level 14 in Axes
 20183 | Lair:6   | Noticed a dire elephant
 20216 | Lair:6   | Killed a dire elephant
 20614 | Orc:1    | Entered Level 1 of the Orcish Mines
 21328 | Orc:2    | Entered Level 2 of the Orcish Mines
 21328 | Orc:2    | Found a staircase to the Elven Halls.
 21597 | Orc:1    | Received a gift from Trog
 21865 | Orc:2    | Found a roughly hewn altar of Beogh.
 21871 | Orc:2    | Reached skill level 10 in Crossbows
 22104 | Orc:2    | Reached XP level 15. HP: 126/126 MP: 15/15
 22353 | Orc:2    | Received a gift from Trog
 22934 | Orc:2    | Reached skill level 15 in Axes
 23142 | Orc:2    | Found Zeriam's Armour Shop.
 23142 | Orc:2    | Found Joavaawn's Food Emporium.
 23143 | Orc:2    | Found Awiehoe's Antique Weapon Emporium.
 23143 | Orc:2    | Found Teos's Antique Weapon Boutique.
 23163 | Orc:2    | Bought a faintly glowing battleaxe for 379 gold pieces
 23163 | Orc:2    | Identified the +6 battleaxe "Olunotri" {antimagic, rElec
                  | rF+ MP+9 Dex-5} (You bought it in a shop on level 2 of the
                  | Orcish Mines)
 23165 | Orc:2    | Bought a faintly glowing war axe for 280 gold pieces
 23165 | Orc:2    | Identified the +5 war axe of Woybufim {holy, Str+4 Stlth+}
                  | (You bought it in a shop on level 2 of the Orcish Mines)
 23217 | Orc:2    | Bought the +10 crystal plate armour "Erahafit" {Str+3} for
                  | 1538 gold pieces
 23570 | D:12     | Found the ring of Phasing {EV+8}
 23606 | D:12     | Received a gift from Trog
 23836 | D:12     | Found a runed translucent gate.
 23837 | D:12     | Found a runed translucent gate.
 23839 | D:12     | Found a runed translucent gate.
 23839 | D:12     | Noticed Cooqonn's ghost (journeyman DsVM)
 23842 | D:12     | Found a roughly hewn altar of Beogh.
 23843 | D:12     | Found the +0 sword of Power
 23863 | D:12     | Killed Cooqonn's ghost
 23863 | D:12     | Received a gift from Trog
 24654 | D:13     | Received a gift from Trog
 24791 | D:13     | Found Tuproum's Food Shoppe.
 24901 | D:13     | You fall through a shaft!
 24989 | D:14     | Reached XP level 16. HP: 134/134 MP: 16/16
 25145 | D:14     | Received a gift from Trog
 25165 | D:14     | Found a gate to the Vaults.
 25314 | D:14     | Reached skill level 16 in Axes
 26042 | D:13     | Found Faydy's Food Shop.
 26190 | D:15     | Entered Level 15 of the Dungeon
 26241 | D:15     | Reached skill level 10 in Shields
 26358 | D:15     | Found Xousiw's Assorted Antiques.
 26406 | D:15     | Found Kely's Assorted Antiques.
 26427 | D:15     | Found Xupuakhau's Armour Shoppe.
 26432 | D:15     | Received a gift from Trog
 26613 | D:15     | Noticed Nessos
 26622 | D:15     | Found Yteq's Antique Armour Boutique.
 26633 | D:15     | Killed Nessos
 26634 | D:15     | Found Huilat's Food Shoppe.
 26965 | D:15     | Found a staircase to the Depths.
 27629 | Elf:1    | Entered Level 1 of the Elven Halls
 27728 | Elf:1    | Reached XP level 17. HP: 103/144 MP: 17/17
 27754 | Elf:1    | Found a blossoming altar of Fedhas.
 27900 | Elf:1    | Noticed a Brimstone Fiend
 27960 | Elf:1    | Received a gift from Trog
 28084 | Elf:1    | Found a deep blue altar of Sif Muna.
 28379 | Elf:1    | Noticed Louise
 28413 | Elf:1    | Killed Louise
 28429 | Elf:1    | Killed the ghostly Louise
 28553 | Elf:1    | Received a gift from Trog
 28893 | Elf:1    | Reached skill level 15 in Armour
 29104 | Elf:1    | Got a twitching copper amulet
 29106 | Elf:1    | Identified the amulet of Intercession {+Rage rN+ Str-2
                  | Dex+8} (You found it on level 1 of the Elven Halls)
 29222 | Elf:2    | Received a gift from Trog
 29716 | Elf:2    | Noticed Nikola
 29749 | Elf:2    | Killed Nikola
 29952 | Elf:2    | Found a runed translucent gate.
 29952 | Elf:2    | Found a runed translucent gate.
 29952 | Elf:2    | Found a runed translucent gate.
 30219 | Elf:2    | Received a gift from Trog
 30225 | Elf:2    | Noticed a deep elf blademaster
 30241 | Elf:2    | Killed a deep elf blademaster
 30324 | Elf:2    | Reached skill level 15 in Shields
 30391 | Elf:2    | Reached XP level 18. HP: 156/156 MP: 18/18
 30888 | Snake:1  | Entered Level 1 of the Snake Pit
 30939 | Snake:1  | Found a white marble altar of Elyvilon.
 31182 | Snake:1  | Noticed Agnes
 31198 | Snake:1  | Killed Agnes
 31600 | Snake:1  | Received a gift from Trog
 32011 | Snake:1  | Got a bone flail
 32056 | Snake:2  | Identified Roxanne's Volume of Transformation
 32056 | Snake:2  | Noticed Roxanne
 32059 | Snake:2  | Identified the +8 flail of Hefasof {drain, -Tele Int+5}
                  | (You found it on level 1 of the Snake Pit)
 32074 | Snake:2  | Killed Roxanne
 33508 | Snake:3  | Found Jiyx's Antique Weapon Emporium.
 34350 | Snake:3  | Found a snail-covered altar of Cheibriados.
 34817 | Snake:3  | Reached XP level 19. HP: 168/168 MP: 19/19
 35186 | Snake:4  | Entered Level 4 of the Snake Pit
 35200 | Snake:4  | Received a gift from Trog
 36080 | Snake:4  | Reached skill level 15 in Fighting
 36626 | Snake:4  | Found Ciot's Gadget Emporium.
 36832 | Snake:4  | Received a gift from Trog
 36850 | Snake:4  | Got an ancient scale mail
 36851 | Snake:4  | Identified the +3 scale mail "Tioliesi" {Dex+4} (You found
                  | it on level 4 of the Snake Pit)
 37088 | Snake:4  | Received a gift from Trog
 37466 | Snake:4  | Got a serpentine rune of Zot
 37880 | Vaults:1 | Entered Level 1 of the Vaults
 37971 | Vaults:1 | Received a gift from Trog
 38103 | Vaults:1 | Found a magical portal.
 38179 | WizLab   | Entered Wucad Mu's Monastery
 38557 | WizLab   | Found the +9 staff of Wucad Mu {channel}
 38617 | WizLab   | Reached XP level 20. HP: 115/178 MP: 7/23
 39025 | Vaults:1 | Reached XP level 21. HP: 184/184 MP: 24/24
 39204 | Vaults:1 | Received a gift from Trog
 39444 | Vaults:1 | Found Jecwes's Gadget Boutique.
 40478 | Vaults:2 | Reached skill level 15 in Crossbows
 40497 | Vaults:2 | Received a gift from Trog
 40754 | Vaults:2 | Noticed a bone dragon
 40755 | Vaults:2 | Found a staircase to the Crypt.
 40779 | Vaults:2 | Killed a bone dragon
 40851 | Vaults:2 | Received a gift from Trog
 41614 | Vaults:3 | Noticed Frederick
 41629 | Vaults:3 | Killed Frederick
 42162 | Vaults:3 | Reached XP level 22. HP: 192/192 MP: 25/25
 42212 | Vaults:3 | Received a gift from Trog
 42641 | Vaults:4 | Reached skill level 17 in Axes
 42705 | Vaults:4 | Identified the +1 pair of boots of Proximity {rElec Int+8
                  | Dex-5} (You found it on level 4 of the Vaults)
 42953 | Vaults:4 | Reached ****** piety under Trog
 43076 | Vaults:4 | Received a gift from Trog
 43198 | Vaults:4 | Received a gift from Trog
 43203 | Vaults:4 | Reached skill level 18 in Axes
 43369 | Vaults:4 | Noticed Xtahua
 43399 | Vaults:4 | Killed Xtahua
 43442 | Vaults:4 | Received a gift from Trog
 43751 | Vaults:4 | Received a gift from Trog
 44224 | Vaults:5 | Entered Level 5 of the Vaults
 44241 | Vaults:5 | Reached skill level 19 in Axes
 44253 | Vaults:5 | Reached XP level 23. HP: 187/199 MP: 26/26
 44256 | Vaults:5 | Received a gift from Trog
 44528 | Vaults:5 | Reached skill level 20 in Axes
 44653 | Vaults:5 | HP: 1/199 [acid (11)]
 45046 | Vaults:5 | Received a gift from Trog
 45278 | Vaults:5 | Reached XP level 24. HP: 205/207 MP: 26/26
 45337 | Vaults:5 | Identified the +8 spear of the Spider Nest {chaos, rC+ MR+
                  | Str+4 Dex+4}
 45364 | Vaults:5 | Identified the +10 longbow of Fortitude {speed, rF+} (You
                  | found it on level 5 of the Vaults)
 45422 | Vaults:5 | Got a silver rune of Zot
 45430 | Vaults:5 | Identified the Guide on Malediction and Transmigration
 45581 | Vaults:5 | Received a gift from Trog
 46680 | Elf:3    | Entered Level 3 of the Elven Halls
 47615 | Elf:3    | Identified the +3 battleaxe "Xamawn" {antimagic, Fragile
                  | rPois Str+2}
 47615 | Elf:3    | Identified the +2 robe of Exclusion {rN+ Str+4 Slay+3}
 47615 | Elf:3    | Identified the ring "Debaem" {rCorr rPois rF+ Int+3}
 47637 | Elf:3    | Received a gift from Trog
 47646 | Elf:3    | Identified the +12 broad axe of Sudden Death {drain, +Fly
                  | Str+2} (Trog gifted it to you on level 3 of the Elven
                  | Halls)
 47655 | Elf:3    | Identified the cursed +0 long sword of the Pyrrhic Victory
                  | {freeze, Fragile Int+6}
 47687 | Elf:3    | Identified the ring "Xuiqiy" {+Fly rElec rF+ rC+}
 47711 | Elf:3    | Gained mutation: You are weak. (Str -2) [a cacodemon]
 47779 | Elf:3    | Cast into level 2 of the Abyss (a deep elf sorcerer)
 47824 | Elf:3    | Escaped the Abyss
 48106 | Elf:3    | Got a pitted silver ring
 48166 | Elf:3    | Identified the ring of the Fool {+Fly Int-3 Dex+5 Stlth+}
                  | (You found it on level 3 of the Elven Halls)
 48505 | Shoals:1 | Entered Level 1 of the Shoals
 49068 | Shoals:1 | Received a gift from Trog
 49438 | Shoals:2 | Reached XP level 25. HP: 173/222 MP: 26/26
 49757 | Shoals:2 | Received a gift from Trog
 50475 | Shoals:3 | Noticed Ilsuiw
 50483 | Shoals:3 | Killed Ilsuiw
 50843 | Shoals:4 | Entered Level 4 of the Shoals
 51000 | Shoals:4 | Received a gift from Trog
 51161 | Shoals:4 | Got a barnacled rune of Zot
 51246 | Shoals:4 | Received a gift from Trog
 51383 | Shoals:4 | Received a gift from Trog
 51434 | Shoals:4 | Cast into level 2 of the Abyss (satyr)
 51477 | Abyss:2  | Found a corrupted altar of Lugonu.
 51604 | Abyss:2  | Received a gift from Trog
 51664 | Abyss:2  | Found a corrupted altar of Lugonu.
 51668 | Abyss:2  | Found a corrupted altar of Lugonu.
 51758 | Abyss:2  | Gained mutation: Your magical capacity is low. (-10% MP) [a
                  | neqoxec]
 51843 | Shoals:4 | Escaped the Abyss
 51899 | Shoals:4 | Received a gift from Trog
 52626 | Shoals:4 | Received a gift from Trog
 53046 | Crypt:1  | Entered Level 1 of the Crypt
 53250 | Crypt:1  | Found a runed translucent gate.
 53266 | Crypt:1  | Found a runed translucent gate.
 53266 | Crypt:1  | Found a runed translucent gate.
 53277 | Crypt:1  | Noticed Zoalos's ghost (veteran GrEE)
 53341 | Crypt:1  | Killed Zoalos's ghost
 53341 | Crypt:1  | Reached XP level 26. HP: 138/236 MP: 23/23
 53895 | Crypt:1  | Received a gift from Trog
 55163 | Crypt:3  | Entered Level 3 of the Crypt
 55381 | Crypt:3  | Received a gift from Trog
 55898 | Crypt:3  | Received a gift from Trog
 56068 | Crypt:3  | Found a staircase to the Tomb.
 56303 | Crypt:3  | Reached skill level 15 in Dodging
 56752 | Crypt:3  | Reached XP level 27. HP: 246/246 MP: 15/23
 56849 | Crypt:3  | Identified the cursed +3 war axe of Fortitude {chop, +Fly
                  | rElec MP+9 Dex+2} (You found it on level 3 of the Crypt)
 56870 | Crypt:3  | Got a slimy pewter ring
 56871 | Crypt:3  | Identified the ring "Godaha" {rF+ rN+} (You found it on
                  | level 3 of the Crypt)
 56947 | Tomb:1   | Entered Level 1 of the Tomb of the Ancients
 58181 | Depths:1 | Entered Level 1 of the Depths
 58315 | D:15     | Bought a ration for 55 gold pieces
 58315 | D:15     | Bought a ration for 55 gold pieces
 58315 | D:15     | Bought a ration for 55 gold pieces
 58315 | D:15     | Bought a ration for 55 gold pieces
 58315 | D:15     | Bought a ration for 55 gold pieces
 58315 | D:15     | Bought a ration for 55 gold pieces
 58315 | D:15     | Bought a ration for 55 gold pieces
 58315 | D:15     | Bought a ration for 55 gold pieces
 58315 | D:15     | Bought a ration for 55 gold pieces
 58315 | D:15     | Bought a ration for 55 gold pieces
 58518 | Orc:2    | Bought a ration for 55 gold pieces
 58518 | Orc:2    | Bought a ration for 55 gold pieces
 58518 | Orc:2    | Bought a ration for 55 gold pieces
 58518 | Orc:2    | Bought a ration for 55 gold pieces
 58518 | Orc:2    | Bought a ration for 55 gold pieces
 58518 | Orc:2    | Bought a ration for 55 gold pieces
 58518 | Orc:2    | Bought a ration for 55 gold pieces
 58518 | Orc:2    | Bought a ration for 55 gold pieces
 58518 | Orc:2    | Bought a ration for 55 gold pieces
 58518 | Orc:2    | Bought a ration for 55 gold pieces
 58814 | Depths:1 | Found Ramuzat's Pet Rocks.
 58860 | Depths:1 | Received a gift from Trog
 59289 | Depths:1 | Found a gateway to Hell.
 59555 | Depths:2 | Noticed Saint Roka
 59583 | Depths:2 | Killed Saint Roka
 59759 | Depths:2 | Found a one-way gate leading to the halls of Pandemonium.
 59814 | Depths:2 | Found a flickering gateway to a bazaar.
 59835 | Bazaar   | Entered a bazaar
 59835 | Bazaar   | Found Erixt's Weapon Boutique.
 59835 | Bazaar   | Found Aqiutal's Armour Shop.
 59835 | Bazaar   | Found Sorghyawi's Armour Shop.
 59857 | Bazaar   | Bought a +1 pair of gloves of dexterity for 198 gold pieces
 60019 | Depths:2 | Received a gift from Trog
 60105 | Depths:2 | Found the +8 demon blade "Bloodbane" {slice, *Rage +Rage
                  | Stlth-}
 60329 | Depths:2 | Identified the Grimoire of the Frostbite and Venom
 60467 | Depths:2 | Got a translucent cloak
 60478 | Depths:2 | Identified the +5 cloak "Qiqagh" {rN++ Str+4 Slay+2} (You
                  | found it on level 2 of the Depths)
 61208 | Depths:3 | Received a gift from Trog
 61307 | Depths:3 | Received a gift from Trog
 61455 | Depths:3 | Noticed a juggernaut
 61466 | Depths:3 | Killed a juggernaut
 61648 | Depths:3 | Identified the ring of Evarigan {rElec SInv}
 62017 | Depths:3 | Received a gift from Trog
 62035 | Depths:3 | Found a one-way gate to the infinite horrors of the Abyss.
 62404 | Depths:3 | Found a gateway to a ziggurat.
 65024 | Depths:3 | Voluntarily entered the Abyss.
 65106 | Abyss:1  | Received a gift from Trog
 65166 | Abyss:1  | Found a corrupted altar of Lugonu.
 65946 | Abyss:1  | Received a gift from Trog
 66270 | Abyss:2  | Got a transparent copper amulet
 66271 | Abyss:2  | Identified the amulet of Autumn {Faith *Drain rElec Dex-2
                  | SInv} (You found it on level 2 of the Abyss)
 66517 | Abyss:2  | Gained mutation: You occasionally shout uncontrollably at
                  | your foes. [a neqoxec]
 66634 | Abyss:2  | Lost mutation: You occasionally shout uncontrollably at
                  | your foes. [potion of mutation]
 66634 | Abyss:2  | Lost mutation: You are weak. (Str -2) [potion of mutation]
 66635 | Abyss:2  | Lost mutation: Your mind is acute. (Int +2) [potion of
                  | mutation]
 66635 | Abyss:2  | Lost mutation: Your magical capacity is low. (-10% MP)
                  | [potion of mutation]
 66635 | Abyss:2  | Lost mutation: You are robust. (+10% HP) [potion of
                  | mutation]
 66635 | Abyss:2  | Gained mutation: You are agile. (Dex +2) [potion of
                  | mutation]
 66635 | Abyss:2  | Gained mutation: You are resistant to hostile enchantments.
                  | (MR+) [potion of mutation]
 66651 | Abyss:2  | Received a gift from Trog
 66661 | Abyss:2  | Found a corrupted altar of Lugonu.
 66833 | Abyss:2  | Gained mutation: You are dopey. (Int -2) [a neqoxec]
 66986 | Abyss:2  | Found a hide-covered altar of Uskayaw.
 67143 | Abyss:3  | Found a corrupted altar of Lugonu.
 67181 | Abyss:3  | Lost intelligence.
 67185 | Abyss:3  | Lost mutation: You are resistant to hostile enchantments.
                  | (MR+) [potion of mutation]
 67185 | Abyss:3  | Lost mutation: You are very dopey. (Int -4) [potion of
                  | mutation]
 67185 | Abyss:3  | Lost mutation: You are agile. (Dex +2) [potion of mutation]
 67185 | Abyss:3  | Gained mutation: You expend magic power (3 MP) to
                  | strengthen your wands. [potion of mutation]
 67185 | Abyss:3  | Lost mutation: You expend magic power (3 MP) to strengthen
                  | your wands. [potion of mutation]
 67185 | Abyss:3  | Gained mutation: You are agile. (Dex +2) [potion of
                  | mutation]
 67210 | Abyss:3  | Gained mutation: Armour fits poorly on your strangely
                  | shaped body. [a neqoxec]
 67405 | Abyss:3  | Found a corrupted altar of Lugonu.
 67479 | Abyss:3  | Found a corrupted altar of Lugonu.
 67489 | Abyss:3  | Received a gift from Trog
 67635 | Abyss:3  | Reached skill level 21 in Axes
 67653 | Abyss:3  | Lost mutation: Armour fits poorly on your strangely shaped
                  | body. [potion of mutation]
 67653 | Abyss:3  | Lost mutation: You are agile. (Dex +2) [potion of mutation]
 67653 | Abyss:3  | Gained mutation: Armour fits poorly on your strangely
                  | shaped body. [potion of mutation]
 67653 | Abyss:3  | Gained mutation: You have sharp toenails. [potion of
                  | mutation]
 68018 | Abyss:3  | Received a gift from Trog
 68445 | Abyss:3  | Reached skill level 22 in Axes
 68523 | Abyss:3  | Received a gift from Trog
 68654 | Abyss:3  | Got an abyssal rune of Zot
 68875 | Depths:3 | Escaped the Abyss
 69135 | Depths:4 | Received a gift from Trog
 69137 | Depths:4 | Cast into level 2 of the Abyss (hell knight)
 69196 | Depths:4 | Escaped the Abyss
 69211 | Depths:4 | Reached skill level 23 in Axes
 69245 | Depths:4 | Identified the +9 broad axe "Leviticus" {drain, +Rage MP+9}
                  | (You found it on level 4 of the Depths)
 69446 | Depths:4 | Received a gift from Trog
 69495 | Depths:4 | Found a shattered altar of Ashenzari.
 70050 | Depths:5 | Entered Level 5 of the Depths
 70068 | Depths:5 | Received a gift from Trog
 70070 | Depths:5 | Found a gate to the Realm of Zot.
 70267 | Depths:5 | Received a gift from Trog
 70526 | Depths:5 | Reached skill level 24 in Axes
 70661 | Depths:5 | Received a gift from Trog
 70972 | Zig:1    | Entered Level 1 of a ziggurat
 70997 | Zig:2    | Entered Level 2 of a ziggurat
 71028 | Zig:3    | Entered Level 3 of a ziggurat
 71071 | Zig:3    | Lost mutation: You have sharp toenails. [potion of
                  | mutation]
 71071 | Zig:3    | Lost mutation: Armour fits poorly on your strangely shaped
                  | body. [potion of mutation]
 71071 | Zig:3    | Gained mutation: You are weak. (Str -2) [potion of
                  | mutation]
 71071 | Zig:3    | Gained mutation: You are very weak. (Str -4) [potion of
                  | mutation]
 71071 | Zig:3    | Gained mutation: You are partially covered in yellow
                  | scales. (AC +2) [potion of mutation]
 71071 | Zig:3    | Gained mutation: You passively map a small area around you.
                  | [potion of mutation]
 71073 | Zig:4    | Entered Level 4 of a ziggurat
 71110 | Zig:4    | Identified the +3 scale mail of the Bulwark {Int+2} (You
                  | found it on level 4 of a ziggurat)
 71112 | Zig:5    | Entered Level 5 of a ziggurat
 71311 | Zig:6    | Entered Level 6 of a ziggurat
 71477 | Zig:7    | Entered Level 7 of a ziggurat
 71550 | Zig:7    | Got a bound amber ring
 71551 | Zig:7    | Identified the ring "Kaeghaf" {rF+ Int+7 Dex+4} (You found
                  | it on level 7 of a ziggurat)
 71594 | Zig:8    | Entered Level 8 of a ziggurat
 71611 | Zig:8    | Received a gift from Trog
 71648 | Zig:8    | Got a glittering copper ring
 71649 | Zig:8    | Identified the ring "Epsoov" {*Tele rPois Int+2 Dex+2
                  | Stlth-} (You found it on level 8 of a ziggurat)
 71652 | Zig:8    | Identified the +6 morningstar "Wynaupse" {venom, +Inv} (You
                  | found it on level 8 of a ziggurat)
 71658 | Zig:9    | Entered Level 9 of a ziggurat
 71669 | Zig:9    | Noticed Miawkyr the pandemonium lord
 71679 | Zig:9    | Reached skill level 25 in Axes
 71681 | Zig:9    | HP: 10/224 [Hell Sentinel/damnation (41)]
 71683 | Zig:9    | Killed from afar by a Hell Sentinel

Skill      XL: |  1  2  3  4  5  6  7  8  9 10 11 12 13 14 15 16 17 18 19 20 21 22 23 24 25 26 27 |
---------------+----------------------------------------------------------------------------------+-----
Axes           | 3 5 6 8 9 11 12 13 14 15 16 19 20 25 | 25.0
Shields        | 4 7 9 12 15 16 19 20 | 20.0
Fighting       | 6 8 10 11 12 14 15 17 19 20 | 20.0
Armour         | 4 8 10 11 13 14 15 16 19 20 | 20.0
Dodging        | 2 6 9 10 11 12 14 15 20 | 20.0
Crossbows      | 1 5 7 10 12 14 15 16 17 20 | 20.0
Invocations    | 4 |  4.0
Evocations     | 3 |  3.6

Action                   |  1- 3 |  4- 6 |  7- 9 | 10-12 | 13-15 | 16-18 | 19-21 | 22-24 | 25-27 || total
-------------------------+-------+-------+-------+-------+-------+-------+-------+-------+-------++-------
Melee: War axe           |    89 |    78 |   391 |   914 |  1221 |   565 |   107 |       |  1174 ||  4539
       Rapier            |       |       |       |    30 |       |       |       |       |       ||    30
       Dire flail        |       |       |       |     1 |    42 |       |       |       |       ||    43
       Broad axe         |       |       |       |       |       |   316 |       |    58 |  1183 ||  1557
       Battleaxe         |       |       |       |       |       |   444 |  1025 |  1268 |  1715 ||  4452
 Fire: Arbalest          |       |       |       |       |   135 |    57 |       |       |       ||   192
       Triple crossbow   |       |       |       |       |       |    54 |       |   120 |   442 ||   616
Invok: Trog's Hand       |       |       |       |     7 |    14 |     8 |     8 |     5 |    22 ||    64
       Brothers in Arms  |       |       |       |     2 |     3 |     5 |     2 |     3 |       ||    15
 Abil: Dig               |       |       |       |       |     1 |       |       |       |     1 ||     2
Evoke: Wand              |       |       |       |     1 |       |       |       |       |       ||     1
  Use: Potion            |     1 |     1 |     5 |     6 |     7 |     4 |    16 |     4 |    11 ||    55
       Scroll            |       |       |    12 |    11 |     9 |     8 |     6 |    12 |    36 ||    94
 Stab: Invisible         |       |       |     5 |       |       |       |     8 |     9 |       ||    22
       Distracted        |       |       |       |       |     1 |       |       |     6 |     4 ||    11
       Petrified         |       |       |       |       |       |       |       |       |     1 ||     1
  Eat: Ration            |     1 |     1 |     3 |     8 |    12 |    11 |     7 |     5 |    14 ||    62
       Chunk             |       |       |       |     5 |     3 |    27 |     8 |    21 |    69 ||   133
Armor: Scale mail        |    44 |    26 |    79 |       |       |       |       |       |       ||   149
       Plate armour      |       |       |   111 |   596 |   521 |       |       |       |       ||  1228
       Skin              |       |       |    22 |       |     2 |    81 |    60 |       |       ||   165
       Crystal plate arm |       |       |       |       |    45 |   351 |   493 |   388 |   764 ||  2041
Dodge: Dodged            |    29 |    20 |    81 |   294 |   626 |   612 |   802 |   821 |  1638 ||  4923
Block: Shield            |    42 |    36 |   240 |   719 |   922 |   562 |       |       |       ||  2521
       Large shield      |       |       |       |       |       |   598 |  1487 |  1448 |  4189 ||  7722
